 Dungeon Crawl Stone Soup version 0.29.0-4-gdea44cf6ec (webtiles) character file.

Game seed: 13646620587408258945

57 qw the Chopper (level 4, 0/26 HPs)
             Began as a Tengu Warper on Aug 28, 2022.
             Slain by an orc wizard
             ... wielding a +2 dagger of venom
              (6 damage)
             ... on level 3 of the Dungeon.
             The game lasted 00:00:10 (2508 turns).

qw the Chopper (Tengu Warper)                       Turns: 2508, Time: 00:00:11

Health: 0/26       AC:  3    Str: 14    XL:     4   Next: 0%
Magic:  8/8        EV: 12    Int: 13    God:
Gold:   113        SH:  0    Dex: 13    Spells: 7/7 levels left

rFire   . . .      SeeInvis .   Y - +0 war axe
rCold   . . .      Faith    .   (no shield)
rNeg    + . .      Spirit   .   b - +0 leather armour
rPois   .          Reflect  .   (helmet restricted)
rElec   .          Harm     .   (no cloak)
rCorr   .          Rampage  .   (no gloves)
Will    .....                   (boots unavailable)
Stlth   +.........              (no amulet)
HPRegen 0.08/turn               g - ring of positive energy
MPRegen 0.11/turn               (no ring)

@: lethally poisoned (0 -> -13)
A: beak, talons 3
a: no special abilities


You were on level 3 of the Dungeon.
You visited 1 branch of the dungeon, and saw 3 of its levels.

You collected 113 gold pieces.


Innate Abilities, Weirdness & Mutations

You have a beak for a mouth.
You have claws for feet.


   Skills:
 - Level 2.0 Fighting
 + Level 4.5 Axes
 - Level 1.0 Throwing
 - Level 1.1 Armour
 - Level 2.1 Dodging
 - Level 2.0 Spellcasting
 - Level 2.4 Translocations


You had 7 spell levels left.
You didn't know any spells.
Your spell library contained the following spells:

 Spells                   Type           Power      Damage    Failure   Level
 Blink                    Tloc           14%        N/A       19%         2
 Gell's Gravitas          Tloc           7%         N/A       34%         3
 Lesser Beckoning         Tloc           7%         N/A       34%         3
 Teleport Other           Tloc           7%         N/A       34%         3
 Manifold Assault         Tloc           7%         N/A       97%         5

Inventory:

Hand Weapons
 a - a +0 whip
 Y - a +0 war axe (weapon)
Missiles
 l - 2 boomerangs (quivered)
Armour
 b - a +0 leather armour (worn)
 c - a +0 pair of gloves
Jewellery
 g - a ring of positive energy (left hand)
Scrolls
 d - a scroll of teleportation
Potions
 k - a potion of berserk rage {unknown}
 m - a potion of attraction {unknown}

Dungeon Overview and Level Annotations

Branches:
Dungeon (3/15)

Altars:
Yredelemnul


Message History

Enter note:
Found a whip.
An orc wizard comes into view. It is wielding a +0 dagger.
You see here a +0 whip.
An orc wizard comes into view. It is wielding a +2 dagger of venom.
The orc wizard shouts! x2; You hear a shout! x3
You hit the orc wizard but do no damage.
Your kick misses the orc wizard. You peck the orc wizard.
The orc wizard is lightly wounded.
The orc wizard gestures wildly while chanting.
The orc wizard flickers and vanishes!
Deactivating autopickup; reactivate with Ctrl-A.
You closely miss something. Your kick misses something. You peck something.
You hear some strange, mumbled words.
A puff of flame appears from out of thin air!
The puff of flame hits you!
An orc comes into view. It is wielding a +0 short sword.
Something hits you but does no damage.
The orc wizard hits you with a +2 dagger of venom.
You are poisoned.
You closely miss the orc wizard. Your kick misses the orc wizard.
You peck the orc wizard.
The orc wizard is moderately wounded.
You miss something.
You feel very sick. Something hits you.
An orc priest comes into view. It is wielding a +0 club.
An orc wizard comes into view. It is wielding a +0 dagger.
The orc wizard closely misses you.
You hit the orc wizard but do no damage.
Your kick misses the orc wizard.
The orc wizard is moderately wounded.
You barely miss something.
You feel very sick. Something hits you but does no damage.
The orc wizard hits you with a +2 dagger of venom.
You are more poisoned.
Something barely misses you.
The orc wizard hits you with a +2 dagger of venom.
You die...

#.#.# #.#.#
#####.#.#######
#.........[...#
#.###.#.#######
#o#.# #)#.#
#.###.###
#o..{@#
..o...o.#
#.####.## #. #.
#. #. #.


You could see an orc priest, 2 orc wizards and an orc.

Vanquished Creatures
  2 adders (D:2)
  A dart slug (D:1)
  2 bats
  2 endoplasms (D:1)
  4 goblins (D:1)
  5 hobgoblins
  2 jackals (D:1)
  3 quokkas
  2 ball pythons (D:1)
  3 frilled lizards
  4 kobolds
  7 rats
37 creatures vanquished.

Vanquished Creatures (others)
  A plant (D:1)
1 creature vanquished.

Grand Total: 38 creatures vanquished

Notes
Turn   | Place    | Note
-------+----------+-------------------------------------------
     0 | D:1      | qw the Tengu Warper began the quest for the Orb.
     0 | D:1      | Reached XP level 1. HP: 12/12 MP: 4/4
     0 | D:1      | 0 ||| qw: Version: 0.1-a-89-g26bdef1
     0 | D:1      | 0 ||| qw: Game counter: 2259
     0 | D:1      | 0 ||| qw: Always use a shield: true
     0 | D:1      | 0 ||| qw: God list: Okawaru
     0 | D:1      | 0 ||| qw: Allow faded altars: false
     0 | D:1      | 0 ||| qw: Do Orc after D:15 true
     0 | D:1      | 0 ||| qw: Do second Lair branch before Depths: true
     0 | D:1      | 0 ||| qw: Lair rune preference: random
     0 | D:1      | 0 ||| qw: Plans: Normal
     0 | D:1      | 0 ||| PLANNING D:1-11
    18 | D:1      | 18 ||| Stepping ~*~*~tactically~*~*~ (stealth).
    19 | D:1      | 19 ||| Stepping ~*~*~tactically~*~*~ (stealth).
    22 | D:1      | 22 ||| Stepping ~*~*~tactically~*~*~ (stealth).
   132 | D:1      | Found a faded altar of an unknown god.
   167 | D:1      | Reached XP level 2. HP: 17/17 MP: 6/6
   180 | D:1      | Reached skill level 3 in Axes
   634 | D:1      | 634 ||| Stepping ~*~*~tactically~*~*~ (stealth).
   648 | D:1      | Reached XP level 3. HP: 12/21 MP: 7/7
   836 | D:1      | 836 ||| SWAPPING to +0 war axe.
   837 | D:1      | 837 ||| DROPPING +0 hand axe.
  1011 | D:1      | 1011 ||| DROPPING orb of energy.
  1012 | D:1      | 1012 ||| UPGRADING to ring of positive energy.
  1013 | D:1      | 1013 ||| READING scroll labelled LURHIPN NUWN.
  1014 | D:1      | 1014 ||| READING scroll labelled NAEPEGUEFEDD.
  1015 | D:1      | 1015 ||| READING scroll labelled ASUPAAC BELYFO.
  1116 | D:1      | 1116 ||| READING scroll labelled NYWOME SEOHIL.
  1119 | D:1      | 1119 ||| DROPPING scroll of blinking.
  1144 | D:2      | 1144 ||| DROPPING +0 club.
  1148 | D:2      | Found a basalt altar of Yredelemnul.
  1158 | D:2      | Reached skill level 4 in Axes
  1227 | D:2      | 1227 ||| Stepping ~*~*~tactically~*~*~ (stealth).
  1229 | D:2      | 1229 ||| Stepping ~*~*~tactically~*~*~ (stealth).
  1329 | D:2      | HP: 5/21 [poisoned by an adder]
  2261 | D:2      | 2261 ||| READING 2 scrolls labelled PUUSHI MODDIEPS.
  2262 | D:2      | 2262 ||| DROPPING scroll of noise.
  2304 | D:3      | 2304 ||| STAIRDANCE
  2313 | D:3      | Reached XP level 4. HP: 21/26 MP: 8/8
  2313 | D:3      | 2313 ||| STAIRDANCE
  2508 | D:3      | HP: 6/26 [orc wizard/+2 dagger of venom (2)]
  2508 | D:3      | Slain by an orc wizard

Levels and vault maps discovered:
D:1:      enne_arrival_octagon_isle, layout_basic,
          dreamdust_ecumenical_altar_grove
D:2:      layout_basic, basic_altar, grunt_ministairs_10
D:3:      layout_basic, grunt_ministairs_5, kennysheep_donut

Skill      XL: |  1  2  3 |
---------------+----------+-----
Axes           | 3 4 |  4.5
Fighting       | |  2.0
Throwing       | |  1.0
Armour         | |  1.1
Dodging        | |  2.1
Spellcasting   | |  2.0
Translocations | |  2.4

Action                   |  1- 3 |  4- 6 || total
-------------------------+-------+-------++-------
Melee: Hand axe          |    36 |       ||    36
       Peck              |     9 |     3 ||    12
       Kick              |     9 |       ||     9
       Punch             |     1 |       ||     1
       War axe           |    22 |     4 ||    26
Throw: Boomerang         |    37 |       ||    37
  Use: Scroll            |     5 |       ||     5
Armor: Leather armour    |    10 |     2 ||    12
Dodge: Dodged            |    27 |     2 ||    29

Table legend:
 A = Non-vault XP
 B = Vault XP
 C = Vault XP percentage of total XP
 D = Non-vault monster count
 E = Vault monster count
 F = Vault count percentage of total count
                 A         B        C        D         E       F
            +---------+---------+-------+---------+---------+-------
      Total |      65 |      17 |  20.7 |      33 |       4 |  10.8
            +---------+---------+-------+---------+---------+-------
        D:1 |      38 |       0 |   0.0 |      23 |       0 |   0.0
        D:2 |      27 |      15 |  35.7 |      10 |       3 |  23.1
        D:3 |       0 |       2 | 100.0 |       0 |       1 | 100.0
            +---------+---------+-------+---------+---------+-------
